 Dungeon Crawl Stone Soup version 0.21.1-1-g345015fe64 (webtiles) character file.

545773 Lentor the Conqueror (level 24, -12/249 HPs)
             Began as a Minotaur Berserker on June 24, 2018.
             Was an Elder of Trog.
             Killed from afar by a purple draconian (15 damage)
             ... with a bolt of dispelling energy
             ... on level 1 of the Realm of Zot.
             The game lasted 03:08:36 (67056 turns).

Lentor the Conqueror (Minotaur Berserker)          Turns: 67056, Time: 03:08:37

Health: -12/249    AC: 40    Str: 31    XL:     24   Next: 89%
Magic:  10/10      EV: 10    Int:  3    God:    Trog [****..]
Gold:   2572       SH:  0    Dex: 22    Spells: 23/23 levels left

rFire    + . .     SeeInvis .   K - +6 triple sword (antimagic)
rCold    + . .     Gourm    .   (shield currently unavailable)
rNeg     + + +     Faith    .   o - +0 gold dragon scales
rPois    +         Spirit   .   t - +2 hat
rElec    +         Reflect  +   J - +2 cloak of the Wild Haggis {rPois Dex+5}
rCorr    .         Harm     .   q - +1 pair of gloves {Str+3}
MR       +....                  T - +2 pair of boots of the Assassin {Detection Stab+ Stlth++}
Stlth    ..........             A - +4 amulet of reflection
HPRegen  0.00/turn              p - ring of Idemaxa {rN+++ MP+9 Str-4 Int-4}
MPRegen  0.12/turn              Y - ring of Dishonour {Str+6 Slay+3 Stlth-}

@: berserk cooldown, held, slowed, very slow
A: retaliatory headbutt, horns 2, talons 1, large bone plates 1, clever 1,
electricity resistance, inhibited regeneration, evolution 1
}: 3/15 runes: barnacled, silver, gossamer
a: Berserk, Trog's Hand, Brothers in Arms, Burn Spellbooks, Renounce Religion


You were on level 1 of the Realm of Zot.
You worshipped Trog.
Trog was greatly pleased with you.
You were not hungry.

You visited 9 branches of the dungeon, and saw 43 of its levels.
You visited the Abyss 1 time.
You also visited: Sewer and Volcano.

You collected 5607 gold pieces.
You spent 3035 gold pieces at shops.

Inventory:

Hand Weapons
 K - a +6 antimagic triple sword (weapon)
Armour
 o - +0 gold dragon scales (worn)
 q - a +1 pair of gloves of strength (worn)
 t - a +2 hat (worn)
 J - the +2 cloak of the Wild Haggis (worn) {rPois Dex+5}
   (You found it on level 3 of the Lair of Beasts)

   It affects your dexterity (+5).
   It protects you from poison.
 T - the +2 pair of boots of the Assassin (worn) {Detection Stab+ Stlth++}
   (You bought it in a shop on level 2 of the Orcish Mines)

   It makes you much more stealthy.
Jewellery
 a - a +4 ring of evasion
 g - an uncursed ring of protection from cold
 p - the ring of Idemaxa (left hand) {rN+++ MP+9 Str-4 Int-4}
   (You found it on level 13 of the Dungeon)

   [ring of magical power]

   It affects your strength (-4).
   It affects your intelligence (-4).
   It renders you almost immune to negative energy.
   It affects your magic capacity (+9).
 x - an uncursed ring of fire
 A - a +4 amulet of reflection (around neck)
 B - an uncursed ring of protection from fire
 C - an uncursed ring of protection from fire
 I - an uncursed ring of see invisible
 M - the ring "Reaqey" {Fire rElec}
   (You found it on level 4 of the Lair of Beasts)

   [ring of fire]

   It enhances your fire magic.
   It protects you from fire.
   It makes you vulnerable to cold.
   It insulates you from electricity.
 O - an uncursed amulet of faith
 P - an uncursed ring of protection from cold
 Y - the ring of Dishonour (right hand) {Str+6 Slay+3 Stlth-}
   (You bought it in a shop on level 1 of the Shoals)

   [ring of loudness]

   It affects your strength (+6).
   It affects your accuracy and damage with ranged weapons and melee attacks
   (+3).
   It makes you less stealthy.
Wands
 b - a wand of acid (76)
 s - a wand of iceblast (15)
 y - a wand of disintegration (15)
 H - a wand of flame (23)
 L - a wand of polymorph (25)
 V - a wand of digging (56)
Scrolls
 d - 20 scrolls of remove curse
 h - 3 scrolls of blinking
 i - a scroll of brand weapon
 k - 11 scrolls of teleportation
 w - 6 scrolls of magic mapping
 N - 4 scrolls of fog
 R - 5 scrolls of fear
 W - 8 scrolls of identify
 X - a scroll of silence
Potions
 e - 6 potions of lignification
 f - 9 potions of ambrosia
 j - a potion of resistance
 l - 12 potions of curing
 m - 8 potions of agility
 r - 2 potions of berserk rage
 u - 6 potions of flight
 v - 7 potions of brilliance
 E - a potion of haste
 F - 4 potions of might
 S - 2 potions of invisibility
 Z - a potion of cancellation
Books
 n - the Disquisition on Changing
   (You found it on level 5 of the Vaults)

   Spells                             Type                      Level
   a - Beastly Appendage              Transmutation                1
   b - Passwall                       Transmutation/Earth          2
   c - Ice Form                       Ice/Transmutation            4
   d - Yara's Violent Unravelling     Hexes/Transmutation          5
   e - Alistair's Intoxication        Transmutation/Poison         5
   Trog disapproves of the use of such an item.
Miscellaneous
 z - 3 sacks of spiders
 D - a lightning rod (4/4)
 G - a phantom mirror
Comestibles
 c - 21 rations


   Skills:
 O Level 27 Fighting
 O Level 27 Long Blades
 O Level 27 Armour
 + Level 15.0 Dodging
 - Level 1.0 Stealth


You had 23 spell levels left.
You didn't know any spells.

Dungeon Overview and Level Annotations

Branches:
Dungeon (15/15)            Temple (1/1) D:6            Lair (6/6) D:11
 Shoals (4/4) Lair:2       Spider (4/4) Lair:2        Slime (0/5) Lair:6
    Orc (2/2) D:12            Elf (0/3) Orc:2        Vaults (5/5) D:14
  Crypt (0/3) Vaults:3     Depths (5/5) D:15            Zot (1/5) Depths:5

Altars:
Ashenzari
Cheibriados
Dithmenos
Elyvilon
Fedhas
Gozag
Hepliaklqana
Kikubaaqudgha
Makhleb
Nemelex Xobeh
Okawaru
Qazlal
Ru
Sif Muna
Trog
Uskayaw
Vehumet
Wu Jian
Xom
Yredelemnul
Zin
The Shining One
Beogh

Shops:
D:7 [   D:11 :   Orc:2 :*([   Shoals:1 =   Vaults:2 [   Vaults:4 }   Vaults:5 %
Depths:2 [

Portals:
Hell: Depths:1 Depths:2 Depths:3 Depths:4 Depths:5
Abyss: Depths:2 Depths:4* Depths:5
Pandemonium: Depths:2 Depths:3 Depths:5
Ziggurat: Depths:3

Annotations:
Lair:6 exclusion: oklob plant


Innate Abilities, Weirdness & Mutations

You reflexively headbutt those who attack you in melee.
You have a pair of horns on your head.
You have sharp toenails.
You are partially covered in large bone plates. (SH +4)
Your mind is acute. (Int +2)
You are resistant to electric shocks. (rElec)
You do not regenerate when monsters are visible.
You evolve.


Message History

You hear some strange, mumbled words.
A bolt of cold appears from out of thin air!
The bolt of cold hits your ogre.
Your ogre dies!
Your ogre's corpse disappears in a puff of smoke!
A throwing net appears from out of thin air!
The throwing net hits you.
You become entangled in the net!
Your two-headed ogre goes berserk!
You feel quite a bit more hungry.
Your ogre goes berserk!
You feel somewhat more hungry. Trog will no longer gift you weapons.
The white draconian breathes frost at you.
The chilling blast hits your two-headed ogre.
The chilling blast hits you!
The purple draconian breathes dispelling energy at you.
The bolt of dispelling energy hits your two-headed ogre.
The bolt of dispelling energy hits you!
Your magical effects are unravelling.
You die...

......... ...........
............
............#
.............#
#......#......#
#.............O#
#...............##
................@##
....###...........##
....##......#..O...#
....#.......##{.....#
..............dd......
..........d§...........
.........)z.z...........
.........§..##....###...
..........ff.# ..##


You could see a purple draconian, a white draconian, a curse toe, a friendly
two-headed ogre (berserk) and a friendly ogre (berserk).

Vanquished Creatures
  An ancient lich (Depths:1)
  Mara (Depths:4)
  2 juggernauts (Depths:5)
  4 caustic shrikes (Depths:5)
  4 golden dragons
  Arachne (Spider:3)
  8 tentacled monstrosities
  Asterion (Spider:2)
  10 liches
  2 titans
  The ghost of Lentor the Minotaur Blade, an adept MiBe of Trog (Spider:4)
  A tentacled starspawn (Abyss:3)
  7 sphinxes
  2 quicksilver dragons
  A death cob (Zot:1)
  Gastronok (D:11)
  The ghost of RepoMan the Scorcher, an adept DrWz of Vehumet (Spider:3)
  6 storm dragons
  6 shadow dragons
  4 tengu reavers
  Donald (Vaults:3)
  Ilsuiw (Shoals:4)
  6 frost giants
  3 iron dragons
  9 fire giants
  5 deep elf sorcerers
  2 draconian monks (Depths:5)
  16 vault wardens
  A curse skull (Vaults:3)
  7 emperor scorpions
  4 ghost moths
  A draconian shifter (Zot:1)
  A deep elf elementalist (Depths:3)
  A reaper (Depths:2)
  A draconian stormcaller (Depths:5)
  2 war gargoyles
  2 spriggan defenders (Depths:4)
  19 ironheart preservers
  20 very ugly things
  A stone giant (shapeshifter) (Vaults:4)
  24 stone giants
  5 green draconians
  3 deep elf annihilators (Depths:1)
  4 entropy weavers
  Nessos (Lair:6)
  7 black draconians
  4 vampire knights
  A white draconian (Zot:1)
  19 spark wasps
  4 purple draconians
  4 yellow draconians
  15 ettins
  6 red draconians
  7 merfolk javelineers
  2 deep elf death magi
  12 fire dragons
  3 merfolk impalers
  9 great orbs of eyes
  A minotaur (shapeshifter) (Depths:5)
  A great orb of eyes (shapeshifter) (Vaults:4)
  22 yaktaur captains
  3 rakshasas
  2 spriggan air magi
  7 hydras
  9 ice dragons
  34 vault guards
  Erica (D:8)
  8 centaur warriors
  2 catoblepae (Lair:4)
  4 merfolk avatars
  9 death yaks
  6 merfolk aquamancers
  41 two-headed ogres
  3 tengu warriors
  A hell hog (Volcano)
  16 deep troll shamans
  Urug (Orc:1)
  5 deep troll earth magi
  9 spriggan berserkers
  29 ogre magi
  3 satyrs
  An alligator snapping turtle (Shoals:4)
  Nergalle (D:10)
  An alligator (shapeshifter) (Depths:3)
  4 thrashing horrors (Abyss:3)
  2 vampire magi (Vaults:3)
  The ghost of P0WERM0DE the Grave Robber, a novice OpNe of Cheibriados (Orc:1)
  A sun demon (Depths:2)
  2 orc high priests (Orc:2)
  A shock serpent (shapeshifter) (Depths:4)
  A soul eater (Depths:3)
  5 skeletal warriors
  4 deep elf knights
  A shadow wraith (Vaults:4)
  A sixfirhy (Depths:2)
  A fire crab (shapeshifter) (D:14)
  3 hell knights (Depths:5)
  6 iron trolls
  A death drake (shapeshifter) (Vaults:3)
  2 unseen horrors (D:13)
  12 sea snakes
  14 ironbrand convokers
  24 deep trolls
  A shadow demon (Depths:3)
  An obsidian statue (Volcano)
  3 glowing orange brains
  3 flayed ghosts
  Pikel (D:6)
  2 deep elf archers (Vaults:4)
  11 orb spiders
  A phantasmal warrior (Vaults:4)
  A wolf spider zombie (D:14)
  11 wizards
  13 harpies
  13 deep elf magi
  A sphinx zombie (Vaults:4)
  A mana viper (shapeshifter) (Depths:2)
  54 ugly things
  20 orc knights
  A shining eye (shapeshifter) (Vaults:4)
  6 necromancers
  8 manticores
  6 fauns
  2 stone giant zombies
  3 moths of wrath
  21 wolf spiders
  4 cyclopes
  2 salamanders (shapeshifter)
  8 orc sorcerers
  A worldbinder (Abyss:3)
  A stone giant skeleton (Abyss:3)
  4 black mambas
  A frost giant skeleton (Vaults:3)
  7 elephants
  A black mamba (shapeshifter) (Vaults:5)
  4 centaur zombies
  8 merfolk sirens
  2 rust devils (Depths:2)
  5 water nymphs
  The ghost of Salt the Cleaver, a novice MiBe of Trog (D:5)
  11 vault sentinels
  2 eyes of devastation (shapeshifter)
  A spiny frog (shapeshifter) (Vaults:4)
  A smoke demon (Abyss:3)
  2 orange demons (Depths:3)
  A naga mage (Depths:1)
  2 torpor snails
  4 kobold demonologists (D:11)
  A gargoyle (D:15)
  10 spiny frogs
  2 human zombies
  A komodo dragon (shapeshifter) (Depths:2)
  10 demonic crawlers
  59 yaktaurs
  2 rime drakes
  2 efreet (Abyss:3)
  5 komodo dragons
  7 freezing wraiths
  A red devil (Depths:3)
  3 tengu conjurers
  18 jumping spiders
  6 trolls
  2 meliai (shapeshifter)
  A hornet (shapeshifter) (Vaults:3)
  4 wind drakes
  22 blink frogs
  31 slime creatures
  32 merfolk
  17 hornets
  14 hippogriffs
  14 snapping turtles
  7 raiju (Abyss:3)
  2 dream sheep (Shoals:1)
  2 polar bears
  27 water elementals
  A spriggan (shapeshifter) (Depths:2)
  5 spriggans
  An air elemental (Depths:3)
  79 redbacks
  2 shadows
  A tarantella (shapeshifter) (Vaults:3)
  3 wyverns
  2 ettin zombies
  10 fire bats
  39 yaks
  A vampire (D:15)
  3 starcursed masses (Abyss:3)
  2 small abominations (Abyss:3)
  A wraith (D:13)
  18 tarantellas
  Eustachio (D:6)
  6 large abominations (Abyss:3)
  Grum (Lair:1)
  A human (D:14)
  A basilisk (Lair:1)
  2 steam dragons
  2 vampire mosquitoes (D:13)
  A chaos spawn (Abyss:3)
  A neqoxec (Depths:2)
  A hungry ghost (D:9)
  11 wargs
  Menkaure (D:6)
  2 hell hounds (Volcano)
  A soldier ant (shapeshifter) (Vaults:3)
  3 acid dragons
  15 water moccasins
  Edmund (D:6)
  8 porcupines
  3 floating eyes (D:9)
  5 ice beasts
  A hornet zombie (D:15)
  4 black bears
  44 orc warriors
  4 sky beasts
  A slave (D:6)
  Purgy (Sewer)
  A phantom (D:6)
  An eye of draining (D:13)
  13 boggarts
  A boggart (shapeshifter) (D:15)
  41 ogres
  33 centaurs
  14 wolves
  12 crocodiles
  A big kobold (D:11)
  27 bullfrogs
  A human skeleton (Vaults:4)
  A wyvern zombie (D:9)
  A water moccasin skeleton (D:11)
  6 scorpions
  6 killer bees (D:11)
  2 howler monkeys
  10 wights
  5 electric eels
  5 lava snakes (Volcano)
  10 crimson imps
  A bullfrog zombie (D:11)
  2 quasits (Depths:2)
  Crazy Yiuf (D:4)
  4 centaur skeletons
  8 hounds
  20 orc priests
  6 jellies
  21 orc wizards
  A bullfrog skeleton (D:4)
  3 iguanas
  4 iron imps
  Jessica (D:3)
  Ijyb (D:4)
  Natasha (thrice) (D:3)
  2 yak simulacra (Lair:3)
  6 hell rats (Lair:2)
  13 worker ants
  6 polar bear simulacra (Lair:3)
  A wolf simulacrum (Lair:3)
  4 hound skeletons
  2 worker ant zombies
  10 gnolls
  16 adders
  4 shadow imps
  7 oozes
  2 adder skeletons (D:9)
  2 worms (D:2)
  2 leopard geckos
  76 orcs
  A ball python (shapeshifter) (Depths:4)
  12 giant cockroaches
  8 goblins
  5 hobgoblins
  22 jackals
  11 kobolds
  5 quokkas
  3 ball pythons
  8 bats
  6 frilled lizards
  6 rats
  2 river rat simulacra (Lair:3)
  5 fungi
  2 plants
1968 creatures vanquished.

Vanquished Creatures (collateral kills)
  An ancient lich (Vaults:5)
  A tengu reaver (Vaults:5)
  A deep elf sorcerer (Vaults:1)
  A fire giant (Vaults:5)
  An orc warlord (Orc:2)
  A frost giant (Vaults:5)
  A vault warden (Vaults:5)
  3 ironheart preservers
  A stone giant (Vaults:5)
  A draconian annihilator (Depths:1)
  A deep elf demonologist (Vaults:1)
  A spark wasp (Depths:5)
  An ettin (Vaults:1)
  A merfolk impaler (Shoals:4)
  2 yaktaur captains (Vaults:5)
  A vault guard (Vaults:5)
  A hydra (Lair:6)
  A catoblepas (Lair:6)
  A rakshasa (Depths:3)
  An ogre mage (D:15)
  3 two-headed ogres
  A death yak (Lair:6)
  2 deep troll shamans
  3 hell knights (Depths:5)
  A deep elf knight (D:15)
  An iron troll (Depths:3)
  2 deep trolls
  A deep elf archer (Vaults:1)
  An orc knight (Orc:1)
  2 orb spiders
  A human zombie (Vaults:1)
  A lindwurm (shapeshifter) (Vaults:5)
  4 ugly things
  An orc sorcerer (Orc:2)
  A wolf spider (Spider:3)
  2 deep elf magi (Vaults:1)
  4 vault sentinels
  4 demonic crawlers
  3 jumping spiders
  2 hornets (Spider:3)
  An ice dragon zombie (Vaults:1)
  A snapping turtle (shapeshifter) (Vaults:1)
  A human simulacrum (Vaults:1)
  2 tarantellas
  An air elemental (Depths:3)
  7 redbacks
  A water moccasin (D:15)
  8 orc warriors
  2 phantoms
  6 ogres
  A boggart (Depths:3)
  An elf simulacrum (Vaults:1)
  3 orc priests (Orc:1)
  6 orcs (Orc:1)
  2 kobolds (D:11)
106 creatures vanquished.

Vanquished Creatures (others)
  2 unseen horrors
  A yaktaur (Depths:2)
  A redback (Spider:4)
  2 orc warriors (Vaults:5)
  An ogre (Vaults:5)
  3 boggarts (Depths:3)
  A bullfrog zombie (D:6)
  A white imp (Abyss:3)
  3 orcs
  A leopard gecko skeleton (D:6)
  6 fungi
  28 plants
  3 starspawn tentacles (Abyss:3)
53 creatures vanquished.

Grand Total: 2127 creatures vanquished

Notes
Turn   | Place    | Note
-------+----------+-------------------------------------------
     0 | D:1      | Lentor the Minotaur Berserker began the quest for the Orb.
     0 | D:1      | Reached XP level 1. HP: 19/19 MP: 0/0
   127 | D:1      | Reached XP level 2. HP: 25/27 MP: 1/1
   371 | D:1      | Reached XP level 3. HP: 29/33 MP: 2/2
   387 | D:1      | Reached ** piety under Trog
   534 | D:2      | Reached skill level 5 in Long Blades
   534 | D:2      | Reached XP level 4. HP: 38/41 MP: 3/3
   681 | D:2      | Found a snail-covered altar of Cheibriados.
  1154 | D:3      | Noticed Natasha
  1160 | D:3      | Killed Natasha
  1160 | D:3      | Reached XP level 5. HP: 35/47 MP: 4/4
  1221 | D:3      | Noticed Natasha
  1237 | D:3      | Killed Natasha
  1237 | D:3      | Reached skill level 5 in Fighting
  1274 | D:3      | Noticed Jessica
  1278 | D:3      | Killed Jessica
  1394 | D:3      | Reached skill level 1 in Stealth
  1394 | D:3      | Reached XP level 6. HP: 30/56 MP: 5/5
  1413 | D:3      | Noticed Natasha
  1415 | D:3      | Killed Natasha
  1558 | D:3      | Found a glowing drain.
  1575 | D:3      | Reached *** piety under Trog
  1580 | Sewer    | Entered a sewer
  1663 | Sewer    | Noticed Purgy
  1672 | Sewer    | Killed Purgy
  2648 | D:4      | Reached XP level 7. HP: 61/62 MP: 6/6
  2856 | D:4      | Noticed Ijyb
  2864 | D:4      | Killed Ijyb
  2916 | D:4      | Reached **** piety under Trog
  3343 | D:4      | Reached XP level 8. HP: 71/71 MP: 7/7
  3470 | D:4      | Found a runed door.
  3474 | D:4      | Noticed Crazy Yiuf
  3477 | D:4      | Killed Crazy Yiuf
  3522 | D:5      | Entered Level 5 of the Dungeon
  4097 | D:5      | Noticed Salt's ghost (novice MiBe)
  4105 | D:5      | Killed Salt's ghost
  4105 | D:5      | Reached skill level 5 in Armour
  4174 | D:5      | Reached skill level 10 in Long Blades
  4236 | D:5      | Found a glowing silver altar of Zin.
  4609 | D:6      | Found a blossoming altar of Fedhas.
  4636 | D:6      | Noticed Eustachio
  4639 | D:6      | Noticed Pikel
  4643 | D:6      | Killed Eustachio
  4647 | D:6      | Killed Pikel
  4647 | D:6      | Reached XP level 9. HP: 81/81 MP: 8/8
  4658 | D:6      | Reached skill level 5 in Dodging
  4753 | D:6      | Noticed Menkaure
  4754 | D:6      | Found a staircase to the Ecumenical Temple.
  4759 | D:6      | Killed Menkaure
  4773 | Temple   | Entered the Ecumenical Temple
  5303 | D:6      | Noticed Edmund
  5311 | D:6      | Killed Edmund
  5699 | D:7      | Found Jasomo's Armour Shop.
  6528 | D:8      | Reached ***** piety under Trog
  6532 | D:8      | Reached XP level 10. HP: 86/91 MP: 9/9
  6553 | D:8      | Noticed Erica
  6560 | D:8      | Killed Erica
  6589 | D:8      | Found an ancient bone altar of Kikubaaqudgha.
  7167 | D:8      | You fall through a shaft for 3 floors!
  7167 | D:11     | Noticed a brown ugly thing
  7175 | D:11     | Killed a brown ugly thing
  7235 | D:11     | Reached skill level 10 in Fighting
  7415 | D:11     | Noticed Gastronok
  7428 | D:11     | Killed Gastronok
  7663 | D:10     | Entered Level 10 of the Dungeon
  7694 | D:10     | Reached XP level 11. HP: 57/101 MP: 10/10
  8008 | D:10     | Noticed a two-headed ogre
  8019 | D:10     | Killed a two-headed ogre
  8045 | D:9      | Found a shimmering altar of Xom.
  8045 | D:9      | Found a shimmering altar of Xom.
  8045 | D:9      | Found a shimmering altar of Xom.
  8045 | D:9      | Found a shimmering altar of Xom.
  8045 | D:9      | Found a shimmering altar of Xom.
  8045 | D:9      | Found a shimmering altar of Xom.
  8050 | D:9      | Found a shimmering altar of Xom.
  8222 | D:7      | Bought a +3 plate armour of cold resistance for 540 gold pieces
  8445 | D:9      | Paralysed by a floating eye for 4 turns
  8470 | D:9      | Paralysed by a floating eye for 3 turns
  8598 | D:9      | Noticed a two-headed ogre
  8608 | D:9      | Killed a two-headed ogre
  8616 | D:9      | Received a gift from Trog
  8638 | D:9      | Got an ichor-stained great sword {god gift}
  8639 | D:9      | Identified the +6 great sword of Brutal Revenge {drain, *Slow rPois rN+ Str+3} (Trog gifted it to you on level 9 of the Dungeon)
  8647 | D:9      | Gained mutation: Your muscles are strong. (Str +2) [potion of mutation]
  8647 | D:9      | Lost mutation: Your muscles are strong. (Str +2) [potion of mutation]
  8647 | D:9      | Gained mutation: Your mind is acute. (Int +2) [potion of mutation]
  8934 | D:9      | Found a sacrificial altar of Ru.
  9224 | D:10     | Noticed Nergalle
  9231 | D:10     | Killed Nergalle
  9231 | D:10     | Reached skill level 15 in Long Blades
  9601 | D:11     | Noticed a soul eater
  9723 | D:11     | Reached skill level 10 in Armour
  9787 | D:11     | Found a staircase to the Lair.
  9847 | D:11     | Found a stormy altar of Qazlal.
  9953 | D:11     | Found Lameob's Book Shoppe.
 10084 | Lair:1   | Entered Level 1 of the Lair of Beasts
 10119 | Lair:1   | Noticed Grum
 10130 | Lair:1   | Killed Grum
 10224 | Lair:1   | Found the +3 giant club "Skullcrusher" {speed, Str+7}
 10331 | Lair:1   | Got a pair of spiked boots
 10342 | Lair:1   | Identified the cursed -2 pair of boots of Beyond {+Inv rF+ Str+6 Int+3} (You found it on level 1 of the Lair of Beasts)
 10408 | Lair:1   | Reached XP level 12. HP: 104/112 MP: 11/11
 11271 | Lair:2   | Found a hole to the Spider Nest.
 11437 | Lair:2   | Found a staircase to the Shoals.
 12259 | Lair:3   | Reached ****** piety under Trog
 12470 | Lair:3   | Got a faintly glowing cloak
 12476 | Lair:3   | Identified the +2 cloak of the Wild Haggis {rPois Dex+5} (You found it on level 3 of the Lair of Beasts)
 12724 | Lair:4   | Received a gift from Trog
 12776 | Lair:4   | Noticed a six-headed hydra
 12788 | Lair:4   | Killed an eight-headed hydra
 12788 | Lair:4   | Reached XP level 13. HP: 101/122 MP: 6/12
 13389 | Lair:4   | Got a brightly glowing pewter ring
 14002 | Lair:4   | Identified the ring "Reaqey" {Fire rElec} (You found it on level 4 of the Lair of Beasts)
 14616 | Lair:5   | Found a labyrinth entrance.
 15128 | Lair:6   | Entered Level 6 of the Lair of Beasts
 15248 | Lair:6   | Received a gift from Trog
 15266 | Lair:6   | Found a staircase to the Slime Pits.
 15419 | Lair:6   | Reached XP level 14. HP: 133/133 MP: 13/13
 15586 | Lair:6   | Received a gift from Trog
 15900 | Lair:6   | Found a snail-covered altar of Cheibriados.
 16097 | Lair:6   | Noticed Nessos
 16106 | Lair:6   | Killed Nessos
 16457 | D:12     | Found a staircase to the Orcish Mines.
 16832 | D:12     | Reached skill level 15 in Fighting
 17002 | D:12     | Found a roughly hewn altar of Beogh.
 17124 | Orc:1    | Entered Level 1 of the Orcish Mines
 17308 | Orc:1    | Noticed P0WERM0DE's ghost (novice OpNe)
 17313 | Orc:1    | Killed P0WERM0DE's ghost
 17389 | Orc:1    | Noticed Urug
 17400 | Orc:1    | Killed Urug
 17577 | Orc:1    | Found a dark tunnel.
 17617 | Volcano  | Entered a volcano
 17668 | Volcano  | Received a gift from Trog
 17781 | Volcano  | Found a bloodstained altar of Trog.
 17933 | Volcano  | Gained mutation: You are clumsy. (Dex -2) [a neqoxec]
 17934 | Volcano  | Gained mutation: You do not regenerate when monsters are visible. [a neqoxec]
 18186 | Orc:2    | Entered Level 2 of the Orcish Mines
 18285 | Orc:2    | Found Lupeono's General Store.
 18286 | Orc:2    | Noticed a stone giant
 18301 | Orc:2    | Killed a stone giant
 18385 | Orc:2    | Found Ilyec's Book Emporium.
 18388 | Orc:2    | Received a gift from Trog
 18759 | Orc:2    | Noticed an orc warlord
 18762 | Orc:2    | Found Ydynosie's Antique Armour Shoppe.
 18768 | Orc:2    | Killed an orc warlord
 18854 | Orc:2    | Found Bymut's Antique Weapon Boutique.
 18886 | Orc:2    | Found a staircase to the Elven Halls.
 19445 | D:13     | You fall through a shaft for 2 floors!
 19445 | D:15     | Entered Level 15 of the Dungeon
 19462 | D:15     | Reached XP level 15. HP: 141/143 MP: 14/14
 19466 | D:15     | Paralysed by an orc sorcerer for 5 turns
 19703 | D:15     | Found a staircase to the Depths.
 20197 | D:15     | Received a gift from Trog
 21439 | D:14     | Reached skill level 15 in Armour
 21454 | D:14     | Identified a scroll of acquirement
 21455 | D:14     | Found the +3 warlock's mirror {reflect}
 21668 | D:14     | Found a gate to the Vaults.
 22050 | D:13     | Found a runed door.
 22050 | D:13     | Noticed a frost giant
 22051 | D:13     | Noticed a fire giant
 22051 | D:13     | Noticed a fire giant
 22080 | D:13     | Killed a fire giant
 22080 | D:13     | Received a gift from Trog
 22193 | D:13     | Killed a fire giant
 22199 | D:13     | Killed a frost giant
 22205 | D:13     | Got a bound bronze ring
 22218 | D:13     | Identified the ring of Idemaxa {rN+++ MP+9 Str-4 Int-4} (You found it on level 13 of the Dungeon)
 22483 | Spider:1 | Entered Level 1 of the Spider Nest
 23291 | Spider:2 | Noticed Asterion
 23300 | Spider:2 | Killed Asterion
 23307 | Spider:2 | Reached XP level 16. HP: 130/157 MP: 15/15
 24224 | Spider:3 | Noticed Arachne
 24463 | Spider:3 | Received a gift from Trog
 24479 | Spider:2 | Lost intelligence.
 25992 | Spider:3 | Killed Arachne
 26293 | Spider:3 | Noticed RepoMan's ghost (adept DrWz)
 26305 | Spider:3 | Killed RepoMan's ghost
 26680 | Spider:3 | Received a gift from Trog
 26717 | Spider:3 | Got a jewelled cloak
 26728 | Spider:3 | Identified the +2 cloak of Xyisk {rC- Dex+4} (You found it on level 3 of the Spider Nest)
 26864 | Spider:4 | Entered Level 4 of the Spider Nest
 26885 | Spider:4 | Noticed Lentor's ghost (adept MiBe)
 26901 | Spider:4 | Killed Lentor's ghost
 28664 | Spider:4 | Reached XP level 17. HP: 146/168 MP: 16/16
 28691 | Spider:4 | Received a gift from Trog
 29432 | Spider:4 | Got a gossamer rune of Zot
 29809 | Orc:2    | Bought the +2 pair of boots of the Assassin {Detection Stab+ Stlth++} for 1860 gold pieces
 29809 | Orc:2    | Found the +2 pair of boots of the Assassin {Detection Stab+ Stlth++}
 29955 | Shoals:1 | Entered Level 1 of the Shoals
 30807 | Shoals:1 | Received a gift from Trog
 30914 | Shoals:1 | Found Ythran's Jewellery Shop.
 31293 | Shoals:1 | Bought the ring of Dishonour {Str+6 Slay+3 Stlth-} for 635 gold pieces
 31949 | Shoals:2 | Got a pair of spiked boots
 31960 | Shoals:2 | Identified the cursed +0 pair of boots of Valour {rC+} (You found it on level 2 of the Shoals)
 33267 | Shoals:3 | Received a gift from Trog
 33406 | Shoals:4 | Entered Level 4 of the Shoals
 33640 | Shoals:4 | Noticed Ilsuiw
 33934 | Shoals:4 | Killed Ilsuiw
 34740 | Shoals:4 | Got a barnacled rune of Zot
 35172 | Shoals:4 | Reached XP level 18. HP: 141/180 MP: 17/17
 35283 | Shoals:4 | Received a gift from Trog
 35638 | Shoals:4 | Found the +5 demon whip "Spellbinder" {antimagic, MR+}
 36734 | Vaults:1 | Entered Level 1 of the Vaults
 36783 | Vaults:1 | Received a gift from Trog
 37458 | Vaults:1 | Noticed a Tzitzimitl
 37940 | Vaults:1 | Received a gift from Trog
 39333 | Vaults:2 | Received a gift from Trog
 39441 | Vaults:2 | Found Baroynuwk's Antique Armour Shoppe.
 39746 | Vaults:2 | Reached XP level 19. HP: 191/191 MP: 18/18
 40505 | Vaults:3 | Noticed Donald
 40522 | Vaults:3 | Killed Donald
 40658 | Vaults:3 | Received a gift from Trog
 40824 | Vaults:3 | Paralysed by a vampire knight for 2 turns
 41789 | Vaults:3 | Found a staircase to the Crypt.
 42328 | Vaults:3 | Received a gift from Trog
 42398 | Vaults:3 | Cast into level 3 of the Abyss (a deep elf sorcerer)
 42855 | Abyss:3  | Found a corrupted altar of Lugonu.
 42919 | Vaults:3 | Escaped the Abyss
 42956 | Vaults:3 | Received a gift from Trog
 43057 | Vaults:3 | Reached XP level 20. HP: 206/206 MP: 19/19
 43801 | Vaults:4 | Found Addiule's Gadget Shop.
 44055 | Vaults:4 | Paralysed by a great orb of eyes for 5 turns
 45697 | Vaults:4 | Received a gift from Trog
 46319 | Depths:1 | Entered Level 1 of the Depths
 46647 | Depths:1 | Found a gateway to Hell.
 46970 | Depths:1 | Received a gift from Trog
 47529 | Depths:1 | Found a runed door.
 47554 | Depths:1 | Found a radiant altar of Vehumet.
 47554 | Depths:1 | Noticed an ancient lich
 47562 | Depths:1 | Killed an ancient lich
 47562 | Depths:1 | Reached XP level 21. HP: 221/221 MP: 20/20
 47883 | Depths:1 | Paralysed by a lich for 7 turns
 48260 | Depths:1 | Paralysed by a great orb of eyes for 6 turns
 49186 | Depths:2 | Found a one-way gate leading to the halls of Pandemonium.
 49849 | Depths:2 | Reached skill level 27 in Fighting
 50386 | Depths:2 | Received a gift from Trog
 50512 | Depths:2 | Found a one-way gate to the infinite horrors of the Abyss.
 50712 | Depths:2 | Found Estim's Armour Shop.
 51346 | Depths:3 | Found a deep blue altar of Sif Muna.
 51579 | Depths:3 | Found the +12 glaive of Prune {chop}
 51708 | Depths:3 | Identified the Disquisition on the Snowflakes and Weightlessness
 51710 | Depths:3 | Received a gift from Trog
 51725 | Depths:3 | Identified the Compendium of Weightlessness and the Rocks
 52140 | Depths:3 | Reached XP level 22. HP: 214/233 MP: 21/21
 52357 | Depths:3 | Found a gateway to a ziggurat.
 52840 | Depths:4 | Noticed a golden dragon
 52840 | Depths:4 | Noticed a golden dragon
 52856 | Depths:3 | Paralysed by a lich for 5 turns
 53675 | Depths:3 | Killed a golden dragon
 53873 | Depths:3 | Killed a golden dragon
 53873 | Depths:3 | Reached skill level 10 in Dodging
 54077 | Depths:4 | Received a gift from Trog
 54220 | Depths:4 | Paralysed by a vampire knight for 5 turns
 55591 | Depths:4 | Noticed Mara
 55597 | Depths:4 | Noticed Lentor's illusion
 55610 | Depths:4 | Killed Mara
 55825 | Depths:4 | Paralysed by a great orb of eyes for 7 turns
 56332 | Depths:4 | Received a gift from Trog
 56392 | Depths:5 | Entered Level 5 of the Depths
 57588 | Depths:5 | Noticed a golden dragon
 57603 | Depths:5 | Killed a golden dragon
 57616 | Depths:5 | Reached XP level 23. HP: 240/240 MP: 10/22
 57984 | Depths:5 | Found a runed door.
 57984 | Depths:5 | Found a runed door.
 58493 | Depths:5 | Noticed a caustic shrike
 58493 | Depths:5 | Noticed a caustic shrike
 58495 | Depths:5 | Noticed a caustic shrike
 58500 | Depths:5 | Noticed a caustic shrike
 58504 | Depths:5 | Killed a caustic shrike
 58511 | Depths:5 | Killed a caustic shrike
 58516 | Depths:5 | Killed a caustic shrike
 58528 | Depths:5 | Killed a caustic shrike
 58531 | Depths:5 | HP: 8/240 [spark wasp (14)]
 59144 | Depths:5 | Noticed a juggernaut
 59152 | Depths:5 | Killed a juggernaut
 59152 | Depths:5 | Received a gift from Trog
 59497 | Depths:5 | Found a runed door.
 59539 | Depths:5 | Found a runed door.
 59587 | Depths:5 | Found a runed door.
 59591 | Depths:5 | Found a runed door.
 59698 | Depths:5 | Noticed a juggernaut
 59730 | Depths:5 | Found a gate to the Realm of Zot.
 60064 | Depths:5 | Killed a juggernaut
 61040 | Vaults:5 | Entered Level 5 of the Vaults
 61341 | Vaults:4 | Received a gift from Trog
 61917 | Vaults:5 | Reached XP level 24. HP: 249/249 MP: 10/22
 62360 | Vaults:5 | Noticed an ancient lich
 62374 | Vaults:5 | Killed an ancient lich
 62374 | Vaults:5 | Reached skill level 27 in Long Blades
 62612 | Vaults:4 | Received a gift from Trog
 62825 | Vaults:4 | Reached skill level 27 in Armour
 63625 | Vaults:5 | Gained mutation: You are very clumsy. (Dex -4) [a shining eye]
 63628 | Vaults:4 | Gained mutation: You expend magic power (3 MP) to strengthen your wands. [a shining eye]
 64158 | Vaults:5 | Received a gift from Trog
 65610 | Vaults:5 | Got a silver rune of Zot
 65693 | Vaults:5 | Got a pair of encrusted boots
 65694 | Vaults:5 | Identified the +1 pair of boots of Rotation {rPois} (You found it on level 5 of the Vaults)
 65712 | Vaults:5 | Identified the Disquisition on Changing
 65952 | Vaults:5 | Found Utoskaj's Food Boutique.
 66727 | Zot:1    | Entered Level 1 of the Realm of Zot
 66781 | Zot:1    | Lost mutation: You expend magic power (3 MP) to strengthen your wands. [potion of mutation]
 66781 | Zot:1    | Lost mutation: You are very clumsy. (Dex -4) [potion of mutation]
 66781 | Zot:1    | Lost mutation: You are clumsy. (Dex -2) [potion of mutation]
 66781 | Zot:1    | Gained mutation: You evolve. [potion of mutation]
 66781 | Zot:1    | Gained mutation: You are partially covered in large bone plates. (SH +4) [potion of mutation]
 66781 | Zot:1    | Gained mutation: You are resistant to electric shocks. (rElec) [potion of mutation]
 66781 | Zot:1    | Gained mutation: You have sharp toenails. [potion of mutation]
 67048 | Zot:1    | Reached skill level 15 in Dodging
 67053 | Zot:1    | HP: 3/249 [purple draconian/glaive (17)]
 67056 | Zot:1    | Killed from afar by a purple draconian

Skill      XL: |  1  2  3  4  5  6  7  8  9 10 11 12 13 14 15 16 17 18 19 20 21 22 23 24 |
---------------+-------------------------------------------------------------------------+-----
Long Blades    | 4 5 6 7 8 10 12 14 16 17 19 20 21 22 23 24 26 27 | 27.0
Fighting       | 4 5 6 8 9 10 11 13 14 15 17 19 20 22 24 26 27 | 27.0
Dodging        | 3 4 5 6 7 8 9 10 15 | 15.0
Stealth        | 1 |  1.0
Armour         | 4 6 7 8 10 11 13 14 15 17 18 19 20 21 23 25 26 27 | 27.0

Action                   |  1- 3 |  4- 6 |  7- 9 | 10-12 | 13-15 | 16-18 | 19-21 | 22-24 || total
-------------------------+-------+-------+-------+-------+-------+-------+-------+-------++-------
Melee: Falchion          |    48 |    58 |       |       |       |       |       |       ||   106
       Headbutt          |    13 |    16 |    51 |   115 |   313 |   403 |   466 |   460 ||  1837
       Long sword        |       |    44 |   187 |   117 |       |       |       |       ||   348
       Great sword       |       |       |       |   274 |   865 |  1200 |  1213 |   296 ||  3848
       Scimitar          |       |       |       |    58 |    10 |       |       |       ||    68
       Triple sword      |       |       |       |       |       |       |       |   795 ||   795
Invok: Berserk           |     1 |     2 |     5 |    10 |    20 |    13 |    15 |    28 ||    94
       Brothers in Arms  |       |       |       |     2 |     7 |    11 |     6 |    17 ||    43
       Burn Spellbooks   |       |       |       |       |     2 |     1 |     6 |     2 ||    11
       Trog's Hand       |       |       |       |       |       |     1 |     1 |     1 ||     3
Evoke: Box of beasts     |       |       |       |       |       |       |       |     1 ||     1
  Use: Scroll            |       |       |     8 |    16 |    11 |    11 |    11 |    22 ||    79
       Potion            |       |       |       |     1 |     4 |     2 |     9 |     7 ||    23
 Stab: Sleeping          |       |     1 |       |       |       |       |       |       ||     1
       Petrified         |       |       |       |       |     3 |       |       |       ||     3
       Distracted        |       |       |       |       |     1 |       |     4 |     1 ||     6
       Petrifying        |       |       |       |       |     1 |       |       |       ||     1
  Eat: Chunk             |       |     7 |    18 |    20 |    42 |    28 |    21 |     5 ||   141
       Ration            |       |       |       |     3 |     4 |    13 |    11 |    22 ||    53
Armor: Animal skin       |     6 |    10 |       |       |       |       |       |       ||    16
       Ring mail         |       |    19 |    60 |    43 |       |       |       |       ||   122
       Plate armour      |       |       |       |   210 |   563 |   881 |   589 |    74 ||  2317
       Gold dragon scale |       |       |       |       |       |       |       |   954 ||   954
Dodge: Dodged            |    25 |    60 |    97 |   263 |   444 |   688 |   517 |   789 ||  2883
Block: Other             |       |       |       |       |   130 |   202 |   126 |   210 ||   668
       Reflection        |       |       |       |       |    13 |    19 |    13 |    17 ||    62
       Rpst.: Falchion   |    11 |    10 |       |       |       |       |       |       ||    21
       Long sword        |       |     7 |    29 |    11 |       |       |       |       ||    47
       Great sword       |       |       |       |    47 |    74 |   124 |    93 |    19 ||   357
       Scimitar          |       |       |       |     4 |       |       |       |       ||     4
       Triple sword      |       |       |       |       |       |       |       |   113 ||   113
